 Dungeon Crawl Stone Soup version 0.25-b1-23-ge2ad7d536c (webtiles) character file.

Game seed: 4921593411212407526, levelgen mode: deterministic

79 Esekla the Charmwright (level 4, -10/23 HPs)
             Began as a Vine Stalker Skald on June 1, 2020.
             Mangled by an orc warrior
             ... wielding a +0 mace
              (19 damage)
             ... on level 4 of the Dungeon.
             The game lasted 00:10:20 (2023 turns).

Esekla the Charmwright (Vine Stalker Skald)         Turns: 2023, Time: 00:10:21

Health: -10/23     AC:  3    Str: 14    XL:     4   Next: 37%
Magic:  0/9        EV: 12    Int: 14    God:
Gold:   132        SH:  0    Dex: 13    Spells: 2/8 levels left

rFire    . . .     SeeInvis .   a - +0 falchion
rCold    . . .     Gourm    .   (no shield)
rNeg     . . .     Faith    .   b - +0 leather armour
rPois    .         Spirit   +   (no helmet)
rElec    .         Reflect  .   (no cloak)
rCorr    .         Harm     .   (no gloves)
MR       .....                  (no boots)
Stlth    +.........             (no amulet)
HPRegen  0.47/turn              (no ring)
MPRegen  0.11/turn              (no ring)

@: lethally poisoned (-10 -> -13), very slightly contaminated
A: fangs 2, regeneration 1, magic shield, antimagic bite, no potion heal 3, rot
immunity
a: no special abilities


You were on level 4 of the Dungeon.
You were hungry.

You visited 1 branch of the dungeon, and saw 4 of its levels.

You collected 132 gold pieces.

Inventory:

Hand Weapons
 a - a +0 falchion (weapon)
Armour
 b - a +0 leather armour (worn)
 k - a +0 pair of boots
Scrolls
 c - 4 scrolls of remove curse {unknown}
 e - a scroll of enchant armour {unknown}
 g - 5 scrolls of amnesia {unknown}
 i - a scroll of teleportation {unknown}
 j - a scroll of identify {unknown}
Potions
 f - 5 potions of curing {unknown}
 h - a potion of flight {unknown}
 l - a potion of resistance {unknown}
 m - a potion of degeneration {unknown}
Comestibles
 d - 7 rations


   Skills:
 + Level 2.3 Fighting
 + Level 2.4 Long Blades
 + Level 1.0 Armour
 + Level 2.0 Dodging
 * Level 2.6 Spellcasting
 + Level 3.6 Charms


You had 2 spell levels left.
You knew the following spells:

 Your Spells              Type           Power        Failure   Level  Hunger
a - Apportation           Tloc           #.....       26%         1    #......
b - Infusion              Chrm           ##..         6%          1    #......
g - Shroud of Golubria    Chrm/Tloc      #.....       21%         2    ###....
s - Song of Slaying       Chrm           ##......     10%         2    ###....

Your spell library contained the following spells:

 Spells                   Type           Power        Failure   Level  Hunger
 Animate Skeleton         Necr           N/A          26%         1    #......
 Corona                   Hex            #......      26%         1    #......
 Summon Small Mammal      Summ           #...         26%         1    #......
 Ozocubu's Armour         Chrm/Ice       #.......     36%         3    ###....
 Spectral Weapon          Hex/Chrm       #.......     36%         3    ###....


Dungeon Overview and Level Annotations

Branches:
Dungeon (4/15)
 Temple: D:4-7

Altars:

Shops:
D:4 %


Innate Abilities, Weirdness & Mutations

You have extremely sharp teeth.
Your natural rate of healing is unusually fast.
When hurt, damage is shared between your health and your magic reserves.
Your bite disrupts and absorbs the magic of your enemies.
Potions cannot restore your health.
You are immune to rotting.


Message History

You are more poisoned.
The adder poisons you!
You miss the adder. You bite the adder, but do no damage.
The adder is moderately wounded.
You feel sick. The adder barely misses you.
You riposte.
You closely miss the adder. Your bite misses the adder.
The adder is moderately wounded.
You closely miss the adder.
The adder is moderately wounded.
You feel sick. The adder bites you. The adder closely misses you.
The orc warrior closely misses you.
You riposte.
You hit the orc warrior but do no damage.
The orc hits you with a +0 whip.
You miss the adder.
The adder is moderately wounded.
You feel sick. The adder bites you but does no damage.
The orc barely misses you.
The orc warrior hits you with a +0 mace!!
Ouch! That really hurt!
You die...

.........# .........#
.........# .........#
.........# .........# #.
.........# ##.. .........#
###### ###...# .........#
#.oo@# .....##
.........####.ooS##.......
................o.#......h
#####.................o...
###...................
#.................##
#..................#
#...................
#.................#.


You could see an orc warrior, an adder and 4 orcs.

Vanquished Creatures
  A gnoll (D:1)
  2 adders
  An ooze (D:1)
  2 worms (D:2)
  A dart slug (D:3)
  A leopard gecko (D:3)
  4 giant cockroaches
  2 goblins
  3 hobgoblins
  7 jackals
  4 kobolds
  A ball python (D:1)
  3 bats
  A frilled lizard (D:2)
  A leopard gecko skeleton (D:4)
  3 rats
37 creatures vanquished.

Notes
Turn   | Place    | Note
-------+----------+-------------------------------------------
     0 | D:1      | Esekla the Vine Stalker Skald began the quest for the Orb.
     0 | D:1      | Reached XP level 1. HP: 11/11 MP: 4/4
   159 | D:1      | Reached XP level 2. HP: 13/15 MP: 4/6
   187 | D:1      | Learned a level 2 spell: Shroud of Golubria
   190 | D:1      | Learned a level 2 spell: Song of Slaying
   657 | D:1      | Reached XP level 3. HP: 17/18 MP: 7/7
  1259 | D:3      | Reached skill level 1 in Armour
  1345 | D:2      | Learned a level 1 spell: Apportation
  1645 | D:1      | Gained mutation: Your natural rate of healing is unusually
                  | fast. [Vine Stalker growth]
  1645 | D:1      | Reached XP level 4. HP: 18/23 MP: 5/9
  1934 | D:4      | Found Pucrud's Food Shop.
  2011 | D:4      | Noticed an orc warrior
  2023 | D:4      | Mangled by an orc warrior

Illustrated notes

Levels and vault maps discovered:
D:1:      kennysheep_arrival_forest, layout_loops_ring
D:2:      layout_basic, first_ration, okawaru_metal_pillars_3, uniq_terence
D:3:      layout_loops_ring
D:4:      layout_basic, serial_shops, shop, kennysheep_little_box,
          serial_park_tiny_2, minmay_misc_feat_iff

Skill      XL: |  1  2  3  4 |
---------------+-------------+-----
Long Blades    | 2 |  2.4
Fighting       | 2 |  2.3
Armour         | 1 |  1.0
Dodging        | 2 |  2.0
Spellcasting   | |  2.6
Charms         | |  3.6

Action                   |  1- 3 |  4- 6 || total
-------------------------+-------+-------++-------
Melee: Falchion          |    85 |    23 ||   108
       Bite              |    23 |     8 ||    31
 Stab: Sleeping          |     4 |       ||     4
  Eat: Chunk             |     1 |     2 ||     3
Armor: Leather armour    |    27 |     3 ||    30
Dodge: Dodged            |    78 |    21 ||    99
       Rpst.: Falchion   |    26 |     8 ||    34
